 Dungeon Crawl Stone Soup version 0.26-a0-646-g5d7718319a (webtiles) character file.

Game seed: 12840144171433813596

331 DogServant the Caller (level 6, -8/36 HPs)
             Began as a Tengu Summoner on Sept 24, 2020.
             Killed from afar by a white imp (13 damage)
             ... with a puff of frost
             ... on level 5 of the Dungeon.
             The game lasted 00:09:05 (5641 turns).

DogServant the Caller (Tengu Summoner)              Turns: 5641, Time: 00:09:06

Health: -8/36      AC:  4    Str: 10    XL:     6   Next: 51%
Magic:  10/10      EV: 13    Int: 15    God:
Gold:   156        SH:  6    Dex: 21    Spells: 7/10 levels left

rFire    . . .     SeeInvis .   b - +0 dagger
rCold    . . .     Faith    .   d - +0 buckler
rNeg     . . .     Spirit   .   e - +0 leather armour
rPois    .         Reflect  .   (helmet restricted)
rElec    .         Harm     .   p - +0 cloak
rCorr    .         Rampage  .   (no gloves)
MR       .....                  (boots unavailable)
Stlth    ++........             (no amulet)
HPRegen  0.12/turn              h - +6 ring of dexterity
MPRegen  0.12/turn              (no ring)

@: about to teleport
A: beak, talons 3, able to fly
a: Fly


You were on level 5 of the Dungeon.
You visited 1 branch of the dungeon, and saw 5 of its levels.

You collected 156 gold pieces.

Inventory:

Hand Weapons
 b - a +0 dagger (weapon)
Armour
 d - a +0 buckler (worn)
 e - a +0 leather armour (worn)
 p - a +0 cloak (worn)
Jewellery
 h - a +6 ring of dexterity (left hand)
 s - a +6 ring of strength {unknown}
Wands
 q - a wand of acid (3)
Scrolls
 f - 2 scrolls of fog
 i - a scroll of amnesia
 j - a scroll of teleportation
 l - a scroll of magic mapping
 m - 3 scrolls of remove curse
 r - a scroll of identify {unknown}
Potions
 a - a potion of flight {unknown}
 c - a potion of ambrosia {unknown}
 g - a potion of stabbing {unknown}
 k - 5 potions of curing {unknown}
 n - a potion of mutation {unknown}
 o - 3 potions of heal wounds {unknown}
 t - a potion of brilliance {unknown}


   Skills:
 + Level 2.9 Fighting
 + Level 2.6 Dodging
 - Level 2.0 Stealth
 + Level 3.2 Shields
 - Level 2.5 Spellcasting
 + Level 6.5 Summonings


You had 7 spell levels left.
You knew the following spells:

 Your Spells              Type           Power        Failure   Level
a - Summon Small Mammal   Summ           ###.         2%          1
b - Call Imp              Summ           ###.....     3%          2

Your spell library contained the following spells:

 Spells                   Type           Power        Failure   Level
 Call Canine Familiar     Summ           ###.....     6%          3
 Summon Guardian Golem    Hex/Summ       ##......     26%         3
 Summon Ice Beast         Ice/Summ       ##......     63%         4
 Summon Lightning Spire   Summ/Air       ##......     63%         4


Dungeon Overview and Level Annotations

Branches:
Dungeon (5/15)
 Temple: D:4-7

Altars:
Ashenzari
Hepliaklqana
Kikubaaqudgha
Makhleb
Qazlal
Ru
Trog
Uskayaw
Vehumet
The Shining One

Annotations:
D:3 1 runed translucent door, Crazy Yiuf; lilly's ghost, weakling MiMo


Innate Abilities, Weirdness & Mutations

You have a beak for a mouth.
You have claws for feet.
You can fly continuously.


Message History

* * * LOW HITPOINT WARNING * * *
You are too injured to fight recklessly!
You hit the white imp but do no damage.
You peck the white imp, but do no damage.
The white imp is almost dead.
You block the quokka's attack. The white imp closely misses you.
You barely miss the white imp. Your kick misses the white imp.
Your peck misses the white imp.
The white imp is almost dead.
You block the quokka's attack. The white imp hits you.
* * * LOW HITPOINT WARNING * * *
The white imp freezes you.
* * * LOW HITPOINT WARNING * * *
The quokka closely misses you.
Okay, then.
As you read the scroll of teleportation, it crumbles to dust.
You feel strangely unstable. The quokka barely misses you.
The white imp gestures at you. The puff of frost hits you!
You die...

......# # #.....# ..###.
#.....## ......
#......####.....#
#.......##..##..#
#..........###..##
#...........###..#
#.!...............
#@................
......5r..#.....####...#
..........###....# ##..#
..........# ##....# #..#
......#...# ##....##...
....###...# ##...##.##
...# #..## #....## ...
#..# .##. ## ..


You could see a white imp and a quokka.

Vanquished Creatures
  A gnoll shaman (D:4)
  A centaur skeleton (D:4)
  An orc wizard (D:4)
  An iguana (D:3)
  3 adders
  A gnoll (D:4)
  An ooze (D:2)
  A worm (D:3)
  A leopard gecko (D:2)
  An orc (D:4)
  2 giant cockroaches
  5 hobgoblins
  2 jackals (D:4)
  4 bats
  5 frilled lizards
  4 goblins
  7 rats
41 creatures vanquished.

Vanquished Creatures (collateral kills)
  An ogre (D:5)
  2 scorpions (D:4)
  An orc priest (D:4)
  An iguana (D:4)
  3 gnolls (D:4)
  3 adders
  A worm (D:2)
  A hobgoblin (D:1)
  4 kobolds
  A quokka (D:4)
18 creatures vanquished.

Grand Total: 59 creatures vanquished

Notes
Turn   | Place    | Note
-------+----------+-------------------------------------------
     0 | D:1      | DogServant the Tengu Summoner began the quest for the Orb.
     0 | D:1      | Reached XP level 1. HP: 10/10 MP: 4/4
   242 | D:1      | Reached skill level 5 in Summonings
  1022 | D:1      | Reached XP level 2. HP: 9/15 MP: 6/6
  1338 | D:2      | Reached skill level 1 in Shields
  1500 | D:2      | Reached XP level 3. HP: 19/19 MP: 7/7
  1714 | D:2      | Learned a level 2 spell: Call Imp
  2494 | D:2      | Found a hazy altar of Hepliaklqana.
  2494 | D:2      | Found a hide-covered altar of Uskayaw.
  2503 | D:2      | Found an ancient bone altar of Kikubaaqudgha.
  2504 | D:2      | Found a glowing golden altar of the Shining One.
  2505 | D:2      | Found a stormy altar of Qazlal.
  2505 | D:2      | Found a radiant altar of Vehumet.
  2541 | D:2      | Found a broken altar of Ashenzari.
  2542 | D:2      | Found a bloodstained altar of Trog.
  2763 | D:3      | Found a runed translucent door.
  2764 | D:3      | Noticed Crazy Yiuf
  2801 | D:3      | Reached skill level 1 in Fighting
  2802 | D:3      | Reached XP level 4. HP: 25/25 MP: 8/8
  3113 | D:3      | Found a runed translucent gate.
  3113 | D:3      | Found a runed translucent gate.
  3113 | D:3      | Found a runed translucent gate.
  3116 | D:3      | Found a sacrificial altar of Ru.
  3615 | D:3      | Noticed lilly's ghost (weakling MiMo)
  3679 | D:3      | Found a burning altar of Makhleb.
  3813 | D:4      | Gained mutation: You can fly continuously. [Tengu growth]
  3813 | D:4      | Reached XP level 5. HP: 18/30 MP: 9/9
  3836 | D:4      | Reached skill level 6 in Summonings
  4779 | D:4      | Reached XP level 6. HP: 36/36 MP: 4/10
  5390 | D:5      | Entered Level 5 of the Dungeon
  5641 | D:5      | Killed from afar by a white imp

Illustrated notes

Levels and vault maps discovered:
D:1:      scummos_arrival_simple_crosswalls, layout_basic
D:2:      layout_basic, minitemple
D:3:      layout_loops_ring, nicolae_ru_awakened_eye, overflow_temple_1_default,
          gammafunk_ghost_icy, kennysheep_small_spiral, uniq_crazy_yiuf_cottage
D:4:      layout_cave_pools
D:5:      layout_layer_cave, minmay_temple_entry_mist, basic_altar,
          abandoned_shop, grunt_decor_fettered

Skill      XL: |  1  2  3  4  5 |
---------------+----------------+-----
Summonings     | 5 6 |  6.5
Shields        | 1 2 3 |  3.2
Fighting       | 1 2 |  2.9
Dodging        | |  2.6
Stealth        | |  2.0
Spellcasting   | |  2.5

Action                   |  1- 3 |  4- 6 || total
-------------------------+-------+-------++-------
Melee: Dagger            |    65 |    88 ||   153
       Unarmed           |     4 |       ||     4
       Kick              |    15 |    26 ||    41
       Peck              |    14 |    26 ||    40
 Cast: Summon Small Mamm |    14 |     1 ||    15
       Call Imp          |     3 |    14 ||    17
Evoke: Wand              |       |     1 ||     1
  Use: Scroll            |     1 |     8 ||     9
 Stab: Sleeping          |     6 |     1 ||     7
       Distracted        |     2 |     1 ||     3
Armor: Robe              |     3 |       ||     3
       Leather armour    |     4 |    19 ||    23
Dodge: Dodged            |    39 |    55 ||    94
Block: Buckler           |     5 |    24 ||    29

Table legend: (Time is in decaauts)
 A = Elapsed time spent in this place.
 B = Non-inter-level travel time spent in this place.
 C = Inter-level travel time spent in this place.
 D = Time resting spent in this place.
 E = Time spent auto-exploring this place.
 F = Levels seen in this place.
 G = Mean time per level.
                   A        B        C        D        E       F      G
               +--------+--------+--------+--------+--------+-----+--------+
         Total |   5642 |   5468 |    174 |   2395 |   2434 |   5 | 1128.4 |
       Dungeon |   5642 |   5468 |    174 |   2395 |   2434 |   5 | 1128.4 |
               +--------+--------+--------+--------+--------+-----+--------+

Top non-repeatable levels by time:
     D:3: 1421 daAuts
     D:2: 1396 daAuts
     D:4: 1370 daAuts
     D:1: 1202 daAuts
     D:5: 250 daAuts
